Flyers vs Panthers

Created - March 9, 2016 at 18:25

Goals
1 2 3 T
Flyers 0 3 2 5
Panthers 1 0 2 3
Shots
1 2 3 T
Flyers 8 12 9 29
Panthers 13 7 12 32

1st period

1. Panthers , Jori Lehtera 17 (Kyle Quincey, Curtis Glencross) at 5:46

Penalties :
Tom Gilbert (PHI) for Holding (Minor) at 18:40

2nd period

2. Flyers , James Sheppard 1 (Dan Boyle, Pierre-Alexandr Parenteau) at 2:30 (PP)
3. Flyers , Mike Santorelli 22 (Martin Marincin, Kyle Brodziak) at 2:56
4. Flyers , Jean-Gabriel Pageau 13 (James Sheppard, Tom Gilbert) at 6:08 (PP)

Penalties :
Justin Braun (FLA) for Roughing (Minor) at 2:03, Marko Dano (FLA) for Hooking (Minor) at 3:11, Blake Wheeler (FLA) for Tripping (Minor) at 5:53, Marc Staal (FLA) for Hooking (Minor) at 7:07, Blake Wheeler (FLA) for Hooking (Minor) at 10:41

3rd period

5. Panthers , Nathan MacKinnon 19 (Danny DeKeyser) at 2:42
6. Panthers , Curtis Glencross 8 (Marko Dano, Kyle Quincey) at 2:59
7. Flyers , Mike Ribeiro 19 (Martin Marincin) at 8:40
8. Flyers , Damien Brunner 8 (Mike Ribeiro) at 16:28

Penalties :
Blake Wheeler (FLA) for Goalie Interference (Minor) at 11:04

Goalie Stats

Devan Dubnyk (PHI), 29 saves from 32 shots - (0.906), W, 24-13-8, 60:00 minutes
Semyon Varlamov (FLA), 24 saves from 29 shots - (0.828), L, 19-17-1, 60:00 minutes

Players Stats for Flyers

Player Name              G  A  P  +/- PIM S  H  SB GA TA FO     MP     PP MP  PK MP  
------------------------------------------------------------------------------------
Alexander Killorn        0  0  0  -1  0   0  2  1  0  0  1/1    20:43   4:24   0:00 
Andrew MacDonald         0  0  0   0  0   0  0  0  0  0  0/0    18:20   0:00   1:12 
Brian Gionta             0  0  0  -1  0   1  2  0  0  0  0/1    20:43   4:24   0:00 
Damien Brunner           1  0  1   2  0   5  0  0  0  0  1/1    16:42   0:00   0:00 
Damon Severson           0  0  0   1  0   2  0  0  0  0  0/0    20:50   4:42   0:00 
Dan Boyle                0  1  1  -1  0   0  1  0  0  0  0/0    20:50   3:56   0:47 
James Sheppard           1  1  2   0  0   2  2  0  0  0  2/3     6:37   3:21   0:45 
Jean-Gabriel Pageau      1  0  1  -1  0   4  2  0  0  0  19/30  20:36   4:14   0:00 
Joel Ward                0  0  0  -1  0   1  0  0  0  0  1/6    20:13   0:53   1:14 
Kyle Brodziak            0  1  1   1  0   3  1  0  0  0  10/25  13:35   0:00   1:14 
Luca Sbisa               0  0  0   0  0   0  0  0  0  0  0/0     5:30   0:00   0:34 
Martin Marincin          0  2  2   1  0   0  1  3  0  0  0/0    17:33   0:00   1:25 
Mike Ribeiro             1  1  2   0  0   2  0  0  0  0  11/33  20:49   4:24   0:00 
Mike Santorelli          1  0  1   1  0   3  0  0  0  0  1/1    12:21   0:00   0:00 
Olli Jokinen             0  0  0   1  0   1  1  0  0  0  0/0     5:06   0:00   0:45 
Pierre-Alexandr Parentea 0  1  1  -1  0   4  2  0  0  0  3/3    20:36   4:14   0:00 
Ryan Ellis               0  0  0  -1  0   1  0  0  0  0  0/0    20:03   3:56   0:00 
Tom Gilbert              0  1  1   0  2   0  1  2  0  0  0/0    16:53   4:42   0:00 

Players Stats for Panthers

Player Name              G  A  P  +/- PIM S  H  SB GA TA FO     MP     PP MP  PK MP  
------------------------------------------------------------------------------------
Blake Wheeler            0  0  0  -1  6   8  4  1  0  0  1/2    19:28   1:14   0:00 
Curtis Glencross         1  1  2   1  0   3  2  0  0  0  1/2    11:21   0:00   0:26 
Danny DeKeyser           0  1  1  -2  0   1  3  1  0  0  0/0    23:56   1:02   3:52 
Eric Nystrom             0  0  0   0  0   0  2  1  0  0  1/3     7:23   0:00   5:30 
Henrik Zetterberg        0  0  0   0  0   2  3  0  0  0  0/0    21:45   0:45   2:42 
Jack Skille              0  0  0   0  0   0  1  0  0  0  0/0     1:53   0:00   0:00 
Jori Lehtera             1  0  1   1  0   3  0  1  0  0  15/21  10:55   0:00   0:00 
Justin Braun             0  0  0   0  2   1  3  2  0  0  0/0    24:53   0:57   4:40 
Kyle Quincey             0  2  2   2  0   1  1  0  0  0  0/0    12:44   1:02   0:38 
Marc Staal               0  0  0  -2  2   1  0  4  0  0  0/0    22:15   0:00   3:14 
Mark Borowiecki          0  0  0   2  0   0  1  0  0  0  0/0    11:21   0:00   0:17 
Marko Dano               0  1  1   1  2   3  1  0  0  0  0/1    10:54   0:00   0:00 
Nathan MacKinnon         1  0  1  -1  0   1  1  0  0  0  17/30  19:31   1:14   0:00 
Patrick Kane             0  0  0  -1  0   0  0  0  0  0  1/2    19:31   1:14   0:00 
Pavel Datsyuk            0  0  0   0  0   4  1  0  0  0  12/27  21:51   0:45   2:48 
Riley Nash               0  0  0   0  0   0  1  0  0  0  6/14    7:43   0:00   5:50 
T.J. Brodie              0  0  0   0  0   1  1  2  0  0  0/0    24:49   0:57   4:35 
Vladimir Tarasenko       0  0  0   0  0   3  3  0  0  0  1/2    19:03   0:45   0:00 

3 Stars

1 - Curtis Glencross (FLA)
2 - James Sheppard (PHI)
3 - Kyle Quincey (FLA)

Power Play

Flyers - 2 on 6 Attempt(s) - 33.33%
Panthers - 0 on 1 Attempt(s) - 0.00%

Penalty Kill

Flyers - 1 on 1 Attempt(s) - 100.00% - Score 0 goal in Penalty Kill
Panthers - 4 on 6 Attempt(s) - 66.67% - Score 0 goal in Penalty Kill

Team Stat

Flyers - Hits : 15 - Faceoff Wins : 49 - Blocked Shots : 6 - Penalty Minutes : 2
Panthers - Hits : 28 - Faceoff Wins : 55 - Blocked Shots : 12 - Penalty Minutes : 12

Official

Referees : Wes McCauley and Francis Charron
Linesman : Derek Nansen and Pierre Racicot

Game Notes

James Sheppard is injured at 19:40 of 2nd period (Bruised Left Shoulder)

Finance

Level 1 -- Attendance: 5527 (92.12%) -- Ticket Income $591,389
Level 2 -- Attendance: 4701 (94.02%) -- Ticket Income $361,977
Level 3 -- Attendance: 2945 (84.14%) -- Ticket Income $153,140
Level 4 -- Attendance: 3114 (83.04%) -- Ticket Income $71,622
Luxury Box -- Attendance: 895 (89.50%) -- Ticket Income $179,000
Game was played at the BBT Center.
Total Attendance: 17182 (89.26%)
Total Ticket Income: $1,357,128
Other Income: $203,569
Total Income: $1,560,697

% Time on Ice - Flyers

Lines # - Real PCT - Wanted PCT - Time Play
Normal Forward
1 - 33% - 32% - 16:19
2 - 33% - 32% - 16:22
3 - 25% - 24% - 12:21
4 - 9% - 12% - 4:21
Normal Defense
1 - 33% - 33% - 16:07
2 - 33% - 32% - 16:08
3 - 25% - 25% - 12:12
4 - 10% - 10% - 4:56
PP Forward
1 - 51% - 50% - 4:24
2 - 49% - 50% - 4:14
PP Defense
1 - 46% - 55% - 3:56
2 - 54% - 45% - 4:42
PK Forward
1 - 62% - 55% - 1:14
2 - 38% - 45% - 0:45
PK Defense
1 - 71% - 55% - 1:25
2 - 29% - 45% - 0:34
PK3 Forward
1 - 0% - 60%
2 - 0% - 40%
PK3 Defense
1 - 0% - 60%
2 - 0% - 40%
44 Forward
1 - 0% - 50%
2 - 0% - 50%
44 Defense
1 - 0% - 55%
2 - 0% - 45%
Last Minute Offensive  - 0:00
Last Minute Defensive  - 0:00
Total
Forward - 60:00
Defense - 60:00

% Time on Ice - Panthers

Lines # - Real PCT - Wanted PCT - Time Play
Normal Forward
1 - 37% - 37% - 18:17
2 - 37% - 35% - 18:18
3 - 22% - 22% - 10:55
4 - 4% - 6% - 1:53
Normal Defense
1 - 39% - 41% - 19:17
2 - 39% - 39% - 19:02
3 - 22% - 20% - 11:04
4 - 0% - 0% - 0:00
PP Forward
1 - 62% - 50% - 1:14
2 - 38% - 50% - 0:45
PP Defense
1 - 48% - 55% - 0:57
2 - 52% - 45% - 1:02
PK Forward
1 - 69% - 60% - 5:56
2 - 31% - 40% - 2:42
PK Defense
1 - 49% - 60% - 4:15
2 - 51% - 40% - 4:23
PK3 Forward
1 - 0% - 60%
2 - 0% - 40%
PK3 Defense
1 - 0% - 60%
2 - 0% - 40%
44 Forward
1 - 0% - 60%
2 - 0% - 40%
44 Defense
1 - 0% - 60%
2 - 0% - 40%
Last Minute Offensive  - 0:00
Last Minute Defensive  - 0:00
Total
Forward - 60:00
Defense - 60:00

Play by Play

1st period


0:01 of 1st period - Nathan MacKinnon wins face-off versus Mike Ribeiro in neutral zone.
0:34 of 1st period - Shot by Mike Ribeiro.
0:34 of 1st period - Shot Blocked by Blake Wheeler.
0:59 of 1st period - Icing by Jean-Gabriel Pageau.
1:00 of 1st period - Jean-Gabriel Pageau wins face-off versus Pavel Datsyuk in Flyers zone.
1:05 of 1st period - Shot by Vladimir Tarasenko.
1:05 of 1st period - Deflect By Pavel Datsyuk.
1:05 of 1st period - Shot Misses the Net.
1:07 of 1st period - Shot by Pavel Datsyuk.
1:07 of 1st period - Shot Misses the Net.
1:09 of 1st period - Shot by Vladimir Tarasenko.
1:09 of 1st period - Stopped by Devan Dubnyk without a rebound.
1:10 of 1st period - Damien Brunner wins face-off versus Jori Lehtera in Flyers zone.
1:55 of 1st period - Icing by Mark Borowiecki.
1:56 of 1st period - Jean-Gabriel Pageau wins face-off versus Jori Lehtera in Panthers zone.
2:07 of 1st period - Shot by Jean-Gabriel Pageau.
2:07 of 1st period - Stopped by Semyon Varlamov without a rebound.
2:08 of 1st period - Pavel Datsyuk wins face-off versus Mike Ribeiro in Panthers zone.
2:21 of 1st period - Shot by Vladimir Tarasenko.
2:21 of 1st period - Stopped by Devan Dubnyk without a rebound.
2:22 of 1st period - Jean-Gabriel Pageau wins face-off versus Eric Nystrom in Flyers zone.
2:24 of 1st period - Damon Severson is hit by Jack Skille.
2:46 of 1st period - Shot by Riley Nash.
2:46 of 1st period - Shot Blocked by Martin Marincin.
3:43 of 1st period - Shot by James Sheppard.
3:43 of 1st period - Shot Misses the Net.
3:45 of 1st period - Shot by James Sheppard.
3:45 of 1st period - Shot Misses the Net.
3:47 of 1st period - Shot by Olli Jokinen.
3:47 of 1st period - Stopped by Semyon Varlamov without a rebound.
3:48 of 1st period - Nathan MacKinnon wins face-off versus Mike Ribeiro in Panthers zone.
4:03 of 1st period - Shot by Blake Wheeler.
4:03 of 1st period - Stopped by Devan Dubnyk without a rebound.
4:04 of 1st period - Kyle Brodziak wins face-off versus Pavel Datsyuk in Flyers zone.
4:13 of 1st period - Shot by Kyle Brodziak.
4:13 of 1st period - Stopped by Semyon Varlamov without a rebound.
4:14 of 1st period - Mike Ribeiro wins face-off versus Nathan MacKinnon in Panthers zone.
4:15 of 1st period - Shot by Brian Gionta.
4:15 of 1st period - Shot Misses the Net.
4:38 of 1st period - Icing by Marc Staal.
4:39 of 1st period - Kyle Brodziak wins face-off versus Nathan MacKinnon in Panthers zone.
4:43 of 1st period - Icing by Danny DeKeyser.
4:44 of 1st period - Jean-Gabriel Pageau wins face-off versus Nathan MacKinnon in Panthers zone.
4:57 of 1st period - Shot by Joel Ward.
4:57 of 1st period - Shot Misses the Net.
5:36 of 1st period - Icing by Joel Ward.
5:37 of 1st period - Jori Lehtera wins face-off versus Jean-Gabriel Pageau in Flyers zone.
5:46 of 1st period - Shot by Jori Lehtera.
5:46 of 1st period - Goal by Jori Lehtera - Flyers : 0 - Panthers : 1.
5:47 of 1st period - Pavel Datsyuk wins face-off versus Kyle Brodziak in neutral zone.
6:59 of 1st period - Shot by Marko Dano.
6:59 of 1st period - Shot Blocked by Alexander Killorn.
7:15 of 1st period - Shot by Jori Lehtera.
7:15 of 1st period - Shot Misses the Net.
7:39 of 1st period - Mark Borowiecki is hit by Jean-Gabriel Pageau and loses puck.
7:56 of 1st period - Mark Borowiecki is hit by Pierre-Alexandr Parenteau and loses puck.
8:35 of 1st period - Shot by Pavel Datsyuk.
8:35 of 1st period - Stopped by Devan Dubnyk without a rebound.
8:36 of 1st period - Riley Nash wins face-off versus James Sheppard in Flyers zone.
9:04 of 1st period - Shot by Riley Nash.
9:04 of 1st period - Shot Misses the Net.
9:10 of 1st period - Shot by Riley Nash.
9:10 of 1st period - Shot Misses the Net.
9:12 of 1st period - Shot by Marc Staal.
9:12 of 1st period - Stopped by Devan Dubnyk without a rebound.
9:13 of 1st period - Pavel Datsyuk wins face-off versus Mike Ribeiro in Flyers zone.
10:05 of 1st period - Icing by T.J. Brodie.
10:06 of 1st period - Pavel Datsyuk wins face-off versus Jean-Gabriel Pageau in Panthers zone.
10:06 of 1st period - Pavel Datsyuk is hit by Pierre-Alexandr Parenteau.
11:04 of 1st period - Shot by Blake Wheeler.
11:04 of 1st period - Stopped by Devan Dubnyk with a rebound.
11:06 of 1st period - Shot by Blake Wheeler.
11:06 of 1st period - Stopped by Devan Dubnyk without a rebound.
11:07 of 1st period - Jori Lehtera wins face-off versus Kyle Brodziak in Flyers zone.
11:42 of 1st period - Off-side.
11:43 of 1st period - Pavel Datsyuk wins face-off versus Mike Ribeiro in neutral zone.
12:10 of 1st period - Shot by Vladimir Tarasenko.
12:10 of 1st period - Stopped by Devan Dubnyk without a rebound.
12:11 of 1st period - James Sheppard wins face-off versus Nathan MacKinnon in Flyers zone.
12:27 of 1st period - Nathan MacKinnon is hit by Olli Jokinen.
12:30 of 1st period - Patrick Kane is hit by James Sheppard and loses puck.
13:28 of 1st period - Shot by Pavel Datsyuk.
13:28 of 1st period - Shot Misses the Net.
13:46 of 1st period - Shot by Brian Gionta.
13:46 of 1st period - Stopped by Semyon Varlamov without a rebound.
13:47 of 1st period - Jori Lehtera wins face-off versus Jean-Gabriel Pageau in Panthers zone.
14:06 of 1st period - Shot by Joel Ward.
14:06 of 1st period - Stopped by Semyon Varlamov without a rebound.
14:07 of 1st period - Nathan MacKinnon wins face-off versus Mike Ribeiro in Panthers zone.
14:23 of 1st period - Marc Staal is hit by Alexander Killorn and loses puck.
14:42 of 1st period - Shot by Blake Wheeler.
14:42 of 1st period - Stopped by Devan Dubnyk without a rebound.
14:43 of 1st period - Jori Lehtera wins face-off versus Jean-Gabriel Pageau in Flyers zone.
14:50 of 1st period - Shot by Marko Dano.
14:50 of 1st period - Shot Misses the Net.
14:52 of 1st period - Shot by T.J. Brodie.
14:52 of 1st period - Stopped by Devan Dubnyk without a rebound.
14:53 of 1st period - Kyle Brodziak wins face-off versus Pavel Datsyuk in Flyers zone.
14:53 of 1st period - Kyle Brodziak is hit by Henrik Zetterberg.
15:51 of 1st period - Jean-Gabriel Pageau is hit by Justin Braun and loses puck.
16:35 of 1st period - Alexander Killorn is hit by T.J. Brodie and loses puck.
16:48 of 1st period - Shot by Alexander Killorn.
16:48 of 1st period - Shot Misses the Net.
17:03 of 1st period - Alexander Killorn is hit by Justin Braun and loses puck.
17:15 of 1st period - Off-side.
17:16 of 1st period - Kyle Brodziak wins face-off versus Nathan MacKinnon in neutral zone.
17:19 of 1st period - Shot by Damien Brunner.
17:19 of 1st period - Stopped by Semyon Varlamov without a rebound.
17:20 of 1st period - Kyle Brodziak wins face-off versus Nathan MacKinnon in Panthers zone.
17:21 of 1st period - Shot by Mike Santorelli.
17:21 of 1st period - Stopped by Semyon Varlamov with a rebound.
17:23 of 1st period - Shot by Tom Gilbert.
17:23 of 1st period - Shot Misses the Net.
17:27 of 1st period - Shot by Damien Brunner.
17:27 of 1st period - Shot Misses the Net.
17:31 of 1st period - Shot by Damien Brunner.
17:31 of 1st period - Stopped by Semyon Varlamov without a rebound.
17:32 of 1st period - Jori Lehtera wins face-off versus Joel Ward in Panthers zone.
17:32 of 1st period - Jori Lehtera is hit by Jean-Gabriel Pageau.
18:01 of 1st period - Icing by Pierre-Alexandr Parenteau.
18:02 of 1st period - Jean-Gabriel Pageau wins face-off versus Nathan MacKinnon in Flyers zone.
18:02 of 1st period - Jean-Gabriel Pageau is hit by Nathan MacKinnon.
18:40 of 1st period - Minor Penalty to Tom Gilbert for Holding.
18:41 of 1st period - Nathan MacKinnon wins face-off versus Kyle Brodziak in Flyers zone.
19:21 of 1st period - Icing by T.J. Brodie.
19:22 of 1st period - Kyle Brodziak wins face-off versus Pavel Datsyuk in Panthers zone.
19:29 of 1st period - Shot by T.J. Brodie.
19:29 of 1st period - Shot Misses the Net.
19:31 of 1st period - Shot by Pavel Datsyuk.
19:31 of 1st period - Stopped by Devan Dubnyk without a rebound.
19:32 of 1st period - Joel Ward wins face-off versus Pavel Datsyuk in Flyers zone.
19:59 of 1st period - Shot by Kyle Quincey.
19:59 of 1st period - Stopped by Devan Dubnyk with a rebound.
Goals for this period are 0 for Flyers vs 1 for Panthers.
Shots for this period are 8 for Flyers vs 13 for Panthers.

2nd period


0:01 of 2nd period - Patrick Kane wins face-off versus Kyle Brodziak in neutral zone.
0:05 of 2nd period - Off-side.
0:06 of 2nd period - Nathan MacKinnon wins face-off versus Kyle Brodziak in neutral zone.
0:50 of 2nd period - Icing by Andrew MacDonald.
0:51 of 2nd period - Mike Ribeiro wins face-off versus Pavel Datsyuk in Flyers zone.
0:51 of 2nd period - Mike Ribeiro is hit by Vladimir Tarasenko.
1:22 of 2nd period - Off-side.
1:23 of 2nd period - Kyle Brodziak wins face-off versus Nathan MacKinnon in neutral zone.
1:25 of 2nd period - Martin Marincin is hit by Danny DeKeyser and loses puck.
1:36 of 2nd period - Shot by Blake Wheeler.
1:36 of 2nd period - Stopped by Devan Dubnyk without a rebound.
1:37 of 2nd period - Jean-Gabriel Pageau wins face-off versus Jori Lehtera in Flyers zone.
1:37 of 2nd period - Jean-Gabriel Pageau is hit by Curtis Glencross.
2:00 of 2nd period - Shot by Pierre-Alexandr Parenteau.
2:00 of 2nd period - Shot Misses the Net.
2:02 of 2nd period - Shot by Pierre-Alexandr Parenteau.
2:02 of 2nd period - Shot Misses the Net.
2:03 of 2nd period - Minor Penalty to Justin Braun for Roughing.
2:04 of 2nd period - Mike Ribeiro wins face-off versus Eric Nystrom in Panthers zone.
2:24 of 2nd period - Shot by Damon Severson.
2:24 of 2nd period - Stopped by Semyon Varlamov without a rebound.
2:25 of 2nd period - Pierre-Alexandr Parenteau wins face-off versus Riley Nash in Panthers zone.
2:25 of 2nd period - Dan Boyle is hit by Kyle Quincey and loses puck.
2:28 of 2nd period - Shot by Dan Boyle.
2:28 of 2nd period - Shot Blocked by T.J. Brodie.
2:30 of 2nd period - Shot by James Sheppard.
2:30 of 2nd period - Goal by James Sheppard - Flyers : 1 - Panthers : 1.
2:31 of 2nd period - Nathan MacKinnon wins face-off versus Kyle Brodziak in neutral zone.
2:40 of 2nd period - Shot by Mike Santorelli.
2:40 of 2nd period - Stopped by Semyon Varlamov with a rebound.
2:44 of 2nd period - Shot by Mike Santorelli.
2:44 of 2nd period - Shot Blocked by Marc Staal.
2:46 of 2nd period - Shot by Kyle Brodziak.
2:46 of 2nd period - Shot Misses the Net.
2:56 of 2nd period - Shot by Mike Santorelli.
2:56 of 2nd period - Goal by Mike Santorelli - Flyers : 2 - Panthers : 1.
2:57 of 2nd period - Jori Lehtera wins face-off versus Mike Ribeiro in neutral zone.
3:11 of 2nd period - Minor Penalty to Marko Dano for Hooking.
3:12 of 2nd period - Eric Nystrom wins face-off versus Jean-Gabriel Pageau in Panthers zone.
4:08 of 2nd period - Marc Staal is hit by Alexander Killorn and loses puck.
4:23 of 2nd period - Shot by Ryan Ellis.
4:23 of 2nd period - Stopped by Semyon Varlamov without a rebound.
4:24 of 2nd period - Riley Nash wins face-off versus Mike Ribeiro in Panthers zone.
4:35 of 2nd period - Shot by Mike Ribeiro.
4:35 of 2nd period - Shot Blocked by Marc Staal.
4:37 of 2nd period - Shot by Dan Boyle.
4:37 of 2nd period - Shot Misses the Net.
4:39 of 2nd period - Shot by Ryan Ellis.
4:39 of 2nd period - Shot Blocked by Eric Nystrom.
5:45 of 2nd period - Andrew MacDonald is hit by Blake Wheeler and loses puck.
5:53 of 2nd period - Minor Penalty to Blake Wheeler for Tripping.
5:54 of 2nd period - Pierre-Alexandr Parenteau wins face-off versus Pavel Datsyuk in Panthers zone.
6:06 of 2nd period - Shot by James Sheppard.
6:06 of 2nd period - Stopped by Semyon Varlamov with a rebound.
6:08 of 2nd period - Shot by Jean-Gabriel Pageau.
6:08 of 2nd period - Goal by Jean-Gabriel Pageau - Flyers : 3 - Panthers : 1.
6:09 of 2nd period - Mike Ribeiro wins face-off versus Marko Dano in neutral zone.
6:53 of 2nd period - Shot by Mike Ribeiro.
6:53 of 2nd period - Shot Blocked by Jori Lehtera.
7:00 of 2nd period - Icing by Marc Staal.
7:01 of 2nd period - Jean-Gabriel Pageau wins face-off versus Jori Lehtera in Panthers zone.
7:07 of 2nd period - Minor Penalty to Marc Staal for Hooking.
7:08 of 2nd period - Jean-Gabriel Pageau wins face-off versus Riley Nash in Panthers zone.
9:11 of 2nd period - Off-side.
9:12 of 2nd period - Kyle Brodziak wins face-off versus Nathan MacKinnon in neutral zone.
9:25 of 2nd period - Kyle Brodziak is hit by Blake Wheeler and loses puck.
9:32 of 2nd period - Shot by Patrick Kane.
9:32 of 2nd period - Shot Misses the Net.
9:36 of 2nd period - Shot by Blake Wheeler.
9:36 of 2nd period - Shot Misses the Net.
9:48 of 2nd period - Shot by Blake Wheeler.
9:48 of 2nd period - Stopped by Devan Dubnyk without a rebound.
9:49 of 2nd period - Jean-Gabriel Pageau wins face-off versus Pavel Datsyuk in Flyers zone.
10:33 of 2nd period - Off-side.
10:34 of 2nd period - Mike Ribeiro wins face-off versus Nathan MacKinnon in neutral zone.
10:36 of 2nd period - Off-side.
10:37 of 2nd period - Mike Ribeiro wins face-off versus Nathan MacKinnon in neutral zone.
10:37 of 2nd period - Ryan Ellis is hit by Blake Wheeler and loses puck.
10:41 of 2nd period - Minor Penalty to Blake Wheeler for Hooking.
10:42 of 2nd period - Riley Nash wins face-off versus Mike Ribeiro in Panthers zone.
10:42 of 2nd period - Riley Nash is hit by Brian Gionta.
11:39 of 2nd period - Off-side.
11:40 of 2nd period - Jean-Gabriel Pageau wins face-off versus Riley Nash in neutral zone.
11:47 of 2nd period - Shot by Pierre-Alexandr Parenteau.
11:47 of 2nd period - Shot Misses the Net.
11:49 of 2nd period - Shot by Damon Severson.
11:49 of 2nd period - Stopped by Semyon Varlamov without a rebound.
11:50 of 2nd period - Jean-Gabriel Pageau wins face-off versus Pavel Datsyuk in Panthers zone.
11:55 of 2nd period - Shot by Damon Severson.
11:55 of 2nd period - Shot Misses the Net.
12:17 of 2nd period - Justin Braun is hit by James Sheppard and loses puck.
13:08 of 2nd period - Shot by Damien Brunner.
13:08 of 2nd period - Stopped by Semyon Varlamov without a rebound.
13:09 of 2nd period - Jori Lehtera wins face-off versus Mike Ribeiro in Panthers zone.
13:37 of 2nd period - Icing by Ryan Ellis.
13:38 of 2nd period - Nathan MacKinnon wins face-off versus Mike Ribeiro in Flyers zone.
13:44 of 2nd period - Icing by Ryan Ellis.
13:45 of 2nd period - Mike Ribeiro wins face-off versus Pavel Datsyuk in Flyers zone.
13:55 of 2nd period - Off-side.
13:56 of 2nd period - Jean-Gabriel Pageau wins face-off versus Nathan MacKinnon in neutral zone.
14:11 of 2nd period - Shot by Blake Wheeler.
14:11 of 2nd period - Shot Misses the Net.
14:17 of 2nd period - Shot by Pierre-Alexandr Parenteau.
14:17 of 2nd period - Stopped by Semyon Varlamov without a rebound.
14:18 of 2nd period - Alexander Killorn wins face-off versus Vladimir Tarasenko in Panthers zone.
14:27 of 2nd period - Shot by Mike Ribeiro.
14:27 of 2nd period - Shot Misses the Net.
14:40 of 2nd period - Andrew MacDonald is hit by Vladimir Tarasenko and loses puck.
14:45 of 2nd period - Shot by Vladimir Tarasenko.
14:45 of 2nd period - Shot Blocked by Tom Gilbert.
15:01 of 2nd period - Shot by Vladimir Tarasenko.
15:01 of 2nd period - Shot Blocked by Tom Gilbert.
15:29 of 2nd period - Blake Wheeler is hit by Tom Gilbert and loses puck.
15:53 of 2nd period - Shot by Nathan MacKinnon.
15:53 of 2nd period - Shot Misses the Net.
15:58 of 2nd period - Mike Ribeiro is hit by Blake Wheeler and loses puck.
16:19 of 2nd period - Shot by Pierre-Alexandr Parenteau.
16:19 of 2nd period - Stopped by Semyon Varlamov without a rebound.
16:20 of 2nd period - Curtis Glencross wins face-off versus Kyle Brodziak in Panthers zone.
16:42 of 2nd period - Shot by Jori Lehtera.
16:42 of 2nd period - Stopped by Devan Dubnyk without a rebound.
16:43 of 2nd period - Jean-Gabriel Pageau wins face-off versus Pavel Datsyuk in Flyers zone.
17:12 of 2nd period - Shot by Joel Ward.
17:12 of 2nd period - Shot Misses the Net.
17:14 of 2nd period - Shot by Jean-Gabriel Pageau.
17:14 of 2nd period - Shot Blocked by T.J. Brodie.
17:16 of 2nd period - Shot by Martin Marincin.
17:16 of 2nd period - Deflect By Pierre-Alexandr Parenteau.
17:16 of 2nd period - Shot Blocked by Justin Braun.
17:24 of 2nd period - Shot by Joel Ward.
17:24 of 2nd period - Shot Misses the Net.
17:26 of 2nd period - Shot by Jean-Gabriel Pageau.
17:26 of 2nd period - Stopped by Semyon Varlamov without a rebound.
17:27 of 2nd period - Jori Lehtera wins face-off versus Kyle Brodziak in Panthers zone.
17:29 of 2nd period - Icing by Marko Dano.
17:30 of 2nd period - Jori Lehtera wins face-off versus Kyle Brodziak in Panthers zone.
17:35 of 2nd period - Shot by Curtis Glencross.
17:35 of 2nd period - Stopped by Devan Dubnyk without a rebound.
17:36 of 2nd period - Nathan MacKinnon wins face-off versus Kyle Brodziak in Flyers zone.
17:59 of 2nd period - Shot by Blake Wheeler.
17:59 of 2nd period - Shot Misses the Net.
18:24 of 2nd period - Icing by Danny DeKeyser.
18:25 of 2nd period - Nathan MacKinnon wins face-off versus Jean-Gabriel Pageau in Panthers zone.
18:56 of 2nd period - Shot by Pavel Datsyuk.
18:56 of 2nd period - Shot Misses the Net.
19:21 of 2nd period - Henrik Zetterberg is hit by Martin Marincin and loses puck.
19:28 of 2nd period - Shot by Henrik Zetterberg.
19:28 of 2nd period - Stopped by Devan Dubnyk without a rebound.
19:29 of 2nd period - Jori Lehtera wins face-off versus Mike Ribeiro in Flyers zone.
19:38 of 2nd period - Shot by Jori Lehtera.
19:38 of 2nd period - Stopped by Devan Dubnyk without a rebound.
19:39 of 2nd period - James Sheppard wins face-off versus Riley Nash in Flyers zone.
19:39 of 2nd period - James Sheppard is hit by Eric Nystrom.
19:40 of 2nd period - James Sheppard from Flyers is injured at 19:40 of 2nd period (Bruised Left Shoulder).
19:41 of 2nd period - Jori Lehtera wins face-off versus Mike Ribeiro in Flyers zone.
19:41 of 2nd period - Jori Lehtera is hit by Dan Boyle.
19:55 of 2nd period - Shot by Marko Dano.
19:55 of 2nd period - Stopped by Devan Dubnyk without a rebound.
19:56 of 2nd period - Nathan MacKinnon wins face-off versus Joel Ward in Flyers zone.
Goals for this period are 3 for Flyers vs 0 for Panthers.
Shots for this period are 12 for Flyers vs 7 for Panthers.

3rd period


0:01 of 3rd period - Nathan MacKinnon wins face-off versus Jean-Gabriel Pageau in neutral zone.
0:21 of 3rd period - Icing by Martin Marincin.
0:22 of 3rd period - Jean-Gabriel Pageau wins face-off versus Pavel Datsyuk in Flyers zone.
0:22 of 3rd period - Pierre-Alexandr Parenteau is hit by Pavel Datsyuk.
0:38 of 3rd period - Jean-Gabriel Pageau is hit by Henrik Zetterberg and loses puck.
0:42 of 3rd period - Icing by Martin Marincin.
0:43 of 3rd period - Jean-Gabriel Pageau wins face-off versus Nathan MacKinnon in Flyers zone.
0:50 of 3rd period - Icing by T.J. Brodie.
0:51 of 3rd period - Nathan MacKinnon wins face-off versus Mike Ribeiro in Panthers zone.
1:12 of 3rd period - Shot by Patrick Kane.
1:12 of 3rd period - Shot Misses the Net.
1:14 of 3rd period - Shot by Blake Wheeler.
1:14 of 3rd period - Stopped by Devan Dubnyk without a rebound.
1:15 of 3rd period - Pavel Datsyuk wins face-off versus Joel Ward in Flyers zone.
1:19 of 3rd period - Icing by Tom Gilbert.
1:20 of 3rd period - Pavel Datsyuk wins face-off versus Joel Ward in Flyers zone.
1:24 of 3rd period - Icing by Andrew MacDonald.
1:25 of 3rd period - Pavel Datsyuk wins face-off versus Joel Ward in Flyers zone.
1:40 of 3rd period - Shot by Pavel Datsyuk.
1:40 of 3rd period - Shot Misses the Net.
1:42 of 3rd period - Shot by Henrik Zetterberg.
1:42 of 3rd period - Shot Misses the Net.
2:11 of 3rd period - Tom Gilbert is hit by Henrik Zetterberg and loses puck.
2:42 of 3rd period - Shot by Nathan MacKinnon.
2:42 of 3rd period - Goal by Nathan MacKinnon - Flyers : 3 - Panthers : 2.
2:43 of 3rd period - Mike Ribeiro wins face-off versus Curtis Glencross in neutral zone.
2:59 of 3rd period - Shot by Curtis Glencross.
2:59 of 3rd period - Goal by Curtis Glencross - Flyers : 3 - Panthers : 3.
3:00 of 3rd period - Nathan MacKinnon wins face-off versus Mike Ribeiro in neutral zone.
3:55 of 3rd period - Icing by Ryan Ellis.
3:56 of 3rd period - Mike Ribeiro wins face-off versus Pavel Datsyuk in Flyers zone.
3:56 of 3rd period - Alexander Killorn is hit by Vladimir Tarasenko.
4:20 of 3rd period - Shot by Pavel Datsyuk.
4:20 of 3rd period - Shot Misses the Net.
5:01 of 3rd period - Shot by Pierre-Alexandr Parenteau.
5:01 of 3rd period - Stopped by Semyon Varlamov without a rebound.
5:02 of 3rd period - Jori Lehtera wins face-off versus Jean-Gabriel Pageau in Panthers zone.
5:26 of 3rd period - Shot by Marko Dano.
5:26 of 3rd period - Stopped by Devan Dubnyk without a rebound.
5:27 of 3rd period - Nathan MacKinnon wins face-off versus Mike Ribeiro in Flyers zone.
5:32 of 3rd period - Shot by Patrick Kane.
5:32 of 3rd period - Shot Misses the Net.
6:15 of 3rd period - Icing by Danny DeKeyser.
6:16 of 3rd period - Jean-Gabriel Pageau wins face-off versus Patrick Kane in Panthers zone.
6:16 of 3rd period - Jean-Gabriel Pageau is hit by Danny DeKeyser.
6:28 of 3rd period - Shot by Pierre-Alexandr Parenteau.
6:28 of 3rd period - Shot Blocked by Marc Staal.
6:50 of 3rd period - Shot by Jean-Gabriel Pageau.
6:50 of 3rd period - Stopped by Semyon Varlamov without a rebound.
6:51 of 3rd period - Kyle Brodziak wins face-off versus Jori Lehtera in Panthers zone.
7:24 of 3rd period - Shot by Mike Santorelli.
7:24 of 3rd period - Shot Blocked by Justin Braun.
7:28 of 3rd period - Shot by Kyle Brodziak.
7:28 of 3rd period - Stopped by Semyon Varlamov without a rebound.
7:29 of 3rd period - Jean-Gabriel Pageau wins face-off versus Pavel Datsyuk in Panthers zone.
8:40 of 3rd period - Shot by Mike Ribeiro.
8:40 of 3rd period - Goal by Mike Ribeiro - Flyers : 4 - Panthers : 3.
8:41 of 3rd period - Jori Lehtera wins face-off versus Kyle Brodziak in neutral zone.
9:10 of 3rd period - Tom Gilbert is hit by Curtis Glencross and loses puck.
9:21 of 3rd period - Shot by Marko Dano.
9:21 of 3rd period - Shot Misses the Net.
9:23 of 3rd period - Shot by Curtis Glencross.
9:23 of 3rd period - Stopped by Devan Dubnyk without a rebound.
9:24 of 3rd period - Pavel Datsyuk wins face-off versus Mike Ribeiro in Flyers zone.
9:27 of 3rd period - Shot by Henrik Zetterberg.
9:27 of 3rd period - Shot Blocked by Martin Marincin.
9:35 of 3rd period - Shot by Henrik Zetterberg.
9:35 of 3rd period - Stopped by Devan Dubnyk without a rebound.
9:36 of 3rd period - Nathan MacKinnon wins face-off versus Jean-Gabriel Pageau in Flyers zone.
9:39 of 3rd period - Shot by Blake Wheeler.
9:39 of 3rd period - Stopped by Devan Dubnyk without a rebound.
9:40 of 3rd period - Pavel Datsyuk wins face-off versus Jean-Gabriel Pageau in Flyers zone.
10:01 of 3rd period - Jean-Gabriel Pageau is hit by Danny DeKeyser and loses puck.
10:10 of 3rd period - Shot by Vladimir Tarasenko.
10:10 of 3rd period - Shot Misses the Net.
10:18 of 3rd period - Shot by Pierre-Alexandr Parenteau.
10:18 of 3rd period - Stopped by Semyon Varlamov without a rebound.
10:19 of 3rd period - Nathan MacKinnon wins face-off versus Mike Ribeiro in Panthers zone.
10:26 of 3rd period - Off-side.
10:27 of 3rd period - Mike Santorelli wins face-off versus Blake Wheeler in neutral zone.
10:29 of 3rd period - Ryan Ellis is hit by Justin Braun and loses puck.
11:04 of 3rd period - Minor Penalty to Blake Wheeler for Goalie Interference.
11:05 of 3rd period - Riley Nash wins face-off versus Mike Ribeiro in Panthers zone.
11:13 of 3rd period - Icing by Brian Gionta.
11:14 of 3rd period - Riley Nash wins face-off versus Mike Ribeiro in Flyers zone.
11:29 of 3rd period - Justin Braun is hit by Brian Gionta.
11:33 of 3rd period - Damon Severson is hit by Eric Nystrom and loses puck.
11:37 of 3rd period - Icing by Damon Severson.
11:38 of 3rd period - Mike Ribeiro wins face-off versus Riley Nash in Flyers zone.
11:56 of 3rd period - Icing by Alexander Killorn.
11:57 of 3rd period - Mike Ribeiro wins face-off versus Riley Nash in Flyers zone.
12:10 of 3rd period - Shot by Danny DeKeyser.
12:10 of 3rd period - Stopped by Devan Dubnyk without a rebound.
12:11 of 3rd period - Jean-Gabriel Pageau wins face-off versus Riley Nash in Flyers zone.
12:11 of 3rd period - Jean-Gabriel Pageau is hit by Riley Nash.
12:24 of 3rd period - Icing by Dan Boyle.
12:25 of 3rd period - Jean-Gabriel Pageau wins face-off versus Riley Nash in Flyers zone.
14:19 of 3rd period - Shot by Damien Brunner.
14:19 of 3rd period - Stopped by Semyon Varlamov without a rebound.
14:20 of 3rd period - Pavel Datsyuk wins face-off versus Kyle Brodziak in Panthers zone.
14:20 of 3rd period - Pavel Datsyuk is hit by Kyle Brodziak.
14:30 of 3rd period - Shot by Pavel Datsyuk.
14:30 of 3rd period - Stopped by Devan Dubnyk with a rebound.
14:36 of 3rd period - Shot by Pavel Datsyuk.
14:36 of 3rd period - Stopped by Devan Dubnyk without a rebound.
14:37 of 3rd period - Jori Lehtera wins face-off versus Jean-Gabriel Pageau in Flyers zone.
14:38 of 3rd period - Shot by Marko Dano.
14:38 of 3rd period - Stopped by Devan Dubnyk without a rebound.
14:39 of 3rd period - Pavel Datsyuk wins face-off versus Mike Ribeiro in Flyers zone.
15:55 of 3rd period - Shot by Curtis Glencross.
15:55 of 3rd period - Shot Blocked by Martin Marincin.
16:01 of 3rd period - Shot by Joel Ward.
16:01 of 3rd period - Shot Blocked by Danny DeKeyser.
16:03 of 3rd period - Shot by Martin Marincin.
16:03 of 3rd period - Shot Blocked by Marc Staal.
16:22 of 3rd period - Icing by Marc Staal.
16:23 of 3rd period - Jori Lehtera wins face-off versus Mike Ribeiro in Panthers zone.
16:28 of 3rd period - Shot by Damien Brunner.
16:28 of 3rd period - Goal by Damien Brunner - Flyers : 5 - Panthers : 3.
16:29 of 3rd period - Nathan MacKinnon wins face-off versus Kyle Brodziak in neutral zone.
16:41 of 3rd period - Andrew MacDonald is hit by Mark Borowiecki and loses puck.
16:44 of 3rd period - Shot by Kyle Brodziak.
16:44 of 3rd period - Stopped by Semyon Varlamov without a rebound.
16:45 of 3rd period - Riley Nash wins face-off versus Brian Gionta in Panthers zone.
17:00 of 3rd period - Shot by Mike Ribeiro.
17:00 of 3rd period - Stopped by Semyon Varlamov without a rebound.
17:01 of 3rd period - Pierre-Alexandr Parenteau wins face-off versus Pavel Datsyuk in Panthers zone.
17:34 of 3rd period - Shot by Vladimir Tarasenko.
17:34 of 3rd period - Shot Misses the Net.
17:36 of 3rd period - Shot by Justin Braun.
17:36 of 3rd period - Stopped by Devan Dubnyk without a rebound.
17:37 of 3rd period - Kyle Brodziak wins face-off versus Jori Lehtera in Flyers zone.
17:37 of 3rd period - Kyle Brodziak is hit by Marko Dano.
18:14 of 3rd period - Icing by Martin Marincin.
18:15 of 3rd period - Blake Wheeler wins face-off versus Kyle Brodziak in Flyers zone.
18:27 of 3rd period - Icing by Martin Marincin.
18:28 of 3rd period - Vladimir Tarasenko wins face-off versus Kyle Brodziak in Flyers zone.
Goals for this period are 2 for Flyers vs 2 for Panthers.
Shots for this period are 9 for Flyers vs 12 for Panthers.